 Dungeon Crawl Stone Soup version 0.30-a0-618-gd6c86c23d0 (webtiles) character file.

Game seed: 14236469140788073391

8153 porpoise the Slicer (level 11, -9/82 HPs)
             Began as a Gnoll Wanderer on Jan 10, 2023.
             Was a Follower of Uskayaw.
             Mangled by a yak (11 damage)
             ... on level 10 of the Dungeon.
             The game lasted 00:50:29 (10936 turns).

porpoise the Slicer (Gnoll Wanderer)               Turns: 10936, Time: 00:50:30

Health: -9/82      AC: 15    Str: 10    XL:     11   Next: 26%
Magic:  23/23      EV: 14    Int: 15    God:    Uskayaw [*.....]
Gold:   602        SH:  0    Dex: 14    Spells: 13/26 levels left

rFire   . . .      SeeInvis .    a - +4 short sword (chaos)
rCold   . . .      Faith    +    (no shield)
rNeg    . . .      Spirit   .    X - +0 steam dragon scales
rPois   +          Reflect  .    B - +2 helmet
rElec   .          Harm     .    J - +2 cloak
rCorr   .          Rampage  .    (no gloves)
Will    +....                    k - +1 pair of boots
Stlth   +++                      p - amulet of faith
HPRegen 0.33/turn                T - ring of willpower
MPRegen 0.18/turn                u - ring of poison resistance

@: slowed, invisible, very slow
A: fangs 1, strong nose, distributed training
a: Renounce Religion, Stomp


You were on level 10 of the Dungeon.
You worshipped Uskayaw.
Uskayaw was noncommittal.
You visited 1 branch of the dungeon, and saw 10 of its levels.
You also visited: Sewer and Ossuary.

You collected 602 gold pieces.

Inventory:

Hand Weapons
 a - a +4 short sword of chaos (weapon)
 b - a +3 sling
 w - a +2 dagger of venom
 N - a +3 rapier
Missiles
 l - 27 poisoned darts
 q - 2 throwing nets
 S - 2 curare-tipped darts
 W - 5 javelins
Armour
 e - a +0 ring mail
 k - a +1 pair of boots (worn)
 B - a +2 helmet (worn)
 J - a +2 cloak (worn)
 X - +0 steam dragon scales (worn)
Magical Staves
 g - a staff of fire
 V - a staff of poison
Jewellery
 n - a +4 ring of protection
 p - an amulet of faith (around neck)
 u - a ring of poison resistance (right hand)
 D - a ring of protection from cold
 G - a ring of protection from cold
 M - a +4 ring of protection
 Q - a ring of resist corrosion
 R - the amulet "Tuninwa" {rElec rF- rN+++ Regen+ Dex-2}
   (You found it on level 8 of the Dungeon)

   [amulet of regeneration]

   Dex:       It affects your dexterity (-2).
   rF:        It makes you vulnerable to fire.
   rElec:     It insulates you from electricity.
   rN:        It renders you almost immune to negative energy.
   Regen:     It increases your rate of health regeneration.
 T - a ring of willpower (left hand)
Wands
 t - a wand of paralysis (18)
 F - a wand of light (5)
 H - a wand of mindburst (22)
 P - a wand of iceblast (17)
 U - a wand of flame (11)
Scrolls
 j - 3 scrolls of fog
 m - 5 scrolls of enchant weapon
 x - a scroll of immolation
 y - a scroll of enchant armour
 L - a scroll of identify
 O - a scroll of noise
Potions
 c - 4 potions of lignification
 d - a potion of attraction
 f - 2 potions of haste
 h - 4 potions of flight
 i - 6 potions of curing
 r - 2 potions of brilliance
 v - 2 potions of mutation
 A - 4 potions of cancellation
 C - a potion of might
 I - a potion of resistance
 K - a potion of berserk rage
Miscellaneous
 E - a piece from Xom's chessboard (15/15)


   Skills:
 + Level 6.3 Fighting
 + Level 10.6 Short Blades
 + Level 6.3 Long Blades
 + Level 6.3 Axes
 + Level 6.3 Maces & Flails
 + Level 6.3 Polearms
 + Level 6.3 Staves
 + Level 6.3 Ranged Weapons
 + Level 6.3 Throwing
 + Level 6.3 Armour
 + Level 6.3 Dodging
 + Level 6.8 Stealth
 + Level 6.3 Shields
 + Level 6.3 Unarmed Combat
 + Level 8.2 Spellcasting
 + Level 5.2 Conjurations
 + Level 5.2 Hexes
 + Level 5.2 Summonings
 + Level 5.2 Necromancy
 + Level 5.2 Translocations
 + Level 5.2 Transmutations
 + Level 5.2 Fire Magic
 + Level 5.2 Ice Magic
 + Level 5.2 Air Magic
 + Level 7.7 Earth Magic
 + Level 5.2 Poison Magic
 + Level 7.0 Invocations
 + Level 6.3 Evocations


You had 13 spell levels left.
You knew the following spells:

 Your Spells              Type           Power      Damage    Failure   Level
a - Sandblast             Erth           58%        2d13      1%          1
c - Mephitic Cloud        Conj/Pois/Air  21%        N/A       4%          3
f - Dazzling Flash        Conj/Hex       42%        N/A       4%          3
p - Passwall              Tmut/Erth      20%        N/A       1%          2
t - Petrify               Tmut/Erth      25%        N/A       9%          4

Your spell library contained the following spells:

 Spells                   Type           Power      Damage    Failure   Level
 Magic Dart               Conj           84%        1d7       1%          1
 Cigotuvi's Dreadful Rot  Necr/Pois/Air  42%        N/A       1%          2
 Poisonous Vapours        Pois/Air       42%        N/A       1%          2
 Searing Ray              Conj           42%        2d6       1%          2
 Sublimation of Blood     Necr           21%        N/A       1%          2
 Fulminant Prism          Conj/Hex       10%        3d8       14%         4
 Agony                    Necr           21%        N/A       36%         5
 Irradiate                Conj/Tmut      10%        3d15      36%         5
 Silence                  Hex/Air        10%        N/A       36%         5
 Conjure Ball Lightning   Conj/Air       10%        3x3d6     91%         6
 Discord                  Hex            10%        N/A       100%        8
 Disjunction              Tloc           10%        N/A       100%        8


Dungeon Overview and Level Annotations

Branches:
Dungeon (10/15)            Temple (0/1) D:4           Sewer (visited)
Ossuary (visited)
   Lair: D:8-11         Orc: D:9-12

Altars:
Cheibriados
Dithmenos
Fedhas
Makhleb
Nemelex Xobeh
Okawaru
Uskayaw
Vehumet
Xom
Yredelemnul
The Shining One

Shops:
D:8 (   D:10 (

Annotations:
D:2 Sigmund


Innate Abilities, Weirdness & Mutations

You have very sharp teeth.
Your uncanny sense of smell can sniff out nearby items.
Your experience applies equally to all skills.


Message History

a +0 halberd of freezing; a gnoll corpse A gnoll comes into view.
It is wielding a +0 flail.
The gnoll is no longer paralysed.
The gnoll hits you but does no damage.
The gnoll hits you with a +2 flail of holy wrath!
* * * LOW HITPOINT WARNING * * *
The gnoll closely misses you. The gnoll hits you but does no damage.
You hit the gnoll but do no damage. You hit the gnoll but do no damage.
The gnoll suddenly seems more resistant.
The gnoll hits you but does no damage. The gnoll closely misses you.
You hit the gnoll.
The gnoll is moderately wounded.
The gnoll is no longer sharing its pain. x2
The gnoll hits you with a +0 spear.
* * * LOW HITPOINT WARNING * * *
Blink to where?
Press: ? - help, Dir - move target
As you read the scroll of blinking, it crumbles to dust.
A yak comes into view.
The yak moves out of view.
A yak comes into view.
The yak moves out of view.
A yak comes into view.
You can no longer pass through a line of other dancers.
A yak comes into view.
The yak bellows! x3
The yak moves out of view.
The yak bellows!
The gnoll misses you. The yak gores you.
* * * LOW HITPOINT WARNING * * *
The yak barely misses you. The yak gores you but does no damage.
Okay, then.
You fade into invisibility!
The gnoll closely misses you. The yak misses you. The yak gores you!
* * * LOW HITPOINT WARNING * * *
The yak gores you.
* * * LOW HITPOINT WARNING * * *
The yak gores you but does no damage. The gnoll barely misses you.
The yak gores you!
You die...

##8# #)#)...#####.###..P.P
########.......####.##...P∩.
#.#.........##.........#.P..
#...........#####......#....
##..........###..g.#....###.
#..........##..##.#.#......
#..........#........#...#..
##..........#.g.....###.....
#....<....Y@.g.....## ##....
#.......Y.YY#.....## ##...
#.........Y.......##..#..##g)
#.#..............##..#.#..##.
...<............### .#._.#.
## ..###..........#.. ..#.#..
#. ## ##.........##..
+..#..##.. ##......... ...
##...##... ##.##..#.


You could see 5 yaks, a gnoll sergeant (unable to see you) and 2 gnolls.

Vanquished Creatures
  Pikel (D:7)
  3 kobold demonologists (D:9)
  2 trolls
  A hornet (D:10)
  9 yaks
  2 wraiths
  A steam dragon (D:10)
  An acid dragon (D:10)
  A water moccasin (D:7)
  A sky beast (D:7)
  An ice beast (D:7)
  2 orc warriors (D:9)
  2 black bears
  2 ogres (D:5)
  A wolf (D:8)
  A centaur (D:7)
  A lemure (D:7)
  2 kobold brigands
  3 phantoms
  2 gnoll sergeants
  3 bullfrogs
  A necrophage (D:5)
  5 scorpions
  An elf skeleton (D:4)
  11 wights
  4 killer bees (D:10)
  5 electric eels
  2 howler monkeys
  2 lava snakes (D:7)
  6 hounds
  2 jellies
  Crazy Yiuf (D:7)
  3 orc priests
  An iron imp (D:6)
  3 human skeletons (D:4)
  7 orc wizards
  7 iguanas
  A killer bee simulacrum (D:8)
  A mummy (Ossuary)
  9 adders
  9 gnolls
  4 river rats (Sewer)
  2 shadow imps
  6 white imps
  2 ufetubi (D:8)
  A worm (Sewer)
  27 orcs
  13 ball pythons
  8 endoplasms
  2 giant cockroaches
  5 goblins
  12 hobgoblins
  2 jackals (Sewer)
  9 kobolds
  6 quokkas
  8 bats
  2 frilled lizards
  9 gnoll skeletons (Ossuary)
  6 kobold skeletons (Ossuary)
  11 orc skeletons
  An orc zombie (D:4)
  6 rats
  2 butterflies (D:5)
267 creatures vanquished.

Vanquished Creatures (collateral kills)
  A killer bee (D:10)
1 creature vanquished.

Vanquished Creatures (others)
  An ufetubus (D:8)
  9 plants
10 creatures vanquished.

Grand Total: 278 creatures vanquished

Notes
Turn   | Place    | Note
-------+----------+-------------------------------------------
     0 | D:1      | porpoise the Gnoll Wanderer began the quest for the Orb.
     0 | D:1      | porpoise set off with the following items: a +0 short
                  | sword, a +0 pair of boots, a potion of lignification, a +0
                  | robe; and the following spell memorised: Sandblast; and the
                  | following spells available to memorise: Passwall, Petrify.
     0 | D:1      | Reached XP level 1. HP: 13/13 MP: 6/6
   300 | D:1      | Reached XP level 2. HP: 19/19 MP: 4/7
   881 | D:1      | Found a faded altar of an unknown god.
  1233 | D:2      | Reached skill level 5 in Spellcasting
  1233 | D:2      | Reached XP level 3. HP: 25/25 MP: 6/9
  1287 | D:2      | Reached skill level 1 in Invocations
  1524 | D:2      | Noticed Sigmund
  1572 | D:2      | Reached skill level 1 in Fighting
  1572 | D:2      | Reached skill level 1 in Long Blades
  1572 | D:2      | Reached skill level 1 in Axes
  1572 | D:2      | Reached skill level 1 in Maces & Flails
  1572 | D:2      | Reached skill level 1 in Polearms
  1572 | D:2      | Reached skill level 1 in Staves
  1572 | D:2      | Reached skill level 1 in Ranged Weapons
  1572 | D:2      | Reached skill level 1 in Throwing
  1572 | D:2      | Reached skill level 1 in Armour
  1572 | D:2      | Reached skill level 1 in Dodging
  1572 | D:2      | Reached skill level 1 in Shields
  1572 | D:2      | Reached skill level 1 in Unarmed Combat
  1572 | D:2      | Reached skill level 1 in Evocations
  1901 | D:3      | Found a hide-covered altar of Uskayaw.
  1910 | D:3      | Became a worshipper of Uskayaw the Reveller
  2053 | D:3      | Reached * piety under Uskayaw
  2055 | D:3      | Reached ** piety under Uskayaw
  2058 | D:3      | Reached XP level 4. HP: 32/32 MP: 9/11
  2161 | D:3      | Noticed a phantom
  2167 | D:3      | Reached *** piety under Uskayaw
  2168 | D:3      | Killed a phantom
  2169 | D:3      | Reached skill level 1 in Conjurations
  2169 | D:3      | Reached skill level 1 in Hexes
  2169 | D:3      | Reached skill level 1 in Summonings
  2169 | D:3      | Reached skill level 1 in Necromancy
  2169 | D:3      | Reached skill level 1 in Translocations
  2169 | D:3      | Reached skill level 1 in Transmutations
  2169 | D:3      | Reached skill level 1 in Fire Magic
  2169 | D:3      | Reached skill level 1 in Ice Magic
  2169 | D:3      | Reached skill level 1 in Air Magic
  2169 | D:3      | Reached skill level 1 in Poison Magic
  2169 | D:3      | Reached XP level 5. HP: 34/37 MP: 9/12
  2621 | D:4      | Found an iron altar of Okawaru.
  2638 | D:4      | Found a staircase to the Ecumenical Temple.
  2704 | D:4      | Found a glowing drain.
  2726 | Sewer    | Entered a sewer
  2802 | Sewer    | Reached XP level 6. HP: 43/44 MP: 13/13
  3119 | D:4      | Found a sand-covered staircase.
  3129 | Ossuary  | Entered an ossuary
  3129 | Ossuary  | Noticed a wraith
  3129 | Ossuary  | Noticed a wraith
  3129 | Ossuary  | Noticed a wraith
  3157 | Ossuary  | Reached **** piety under Uskayaw
  3566 | Ossuary  | Noticed a wraith
  3590 | Ossuary  | Killed a wraith
  3591 | Ossuary  | Reached XP level 7. HP: 51/51 MP: 15/15
  3749 | D:4      | Reached skill level 9 in Short Blades
  3846 | D:4      | Found a sparkling altar of Nemelex Xobeh.
  4241 | D:5      | Entered Level 5 of the Dungeon
  4248 | D:5      | Found a shimmering altar of Xom.
  4280 | D:5      | Reached XP level 8. HP: 17/58 MP: 16/16
  4282 | D:5      | Reached ***** piety under Uskayaw
  5444 | D:6      | Found a snail-covered altar of Cheibriados.
  5515 | D:6      | Reached XP level 9. HP: 65/65 MP: 14/18
  5518 | D:6      | Learned a level 2 spell: Passwall
  6203 | D:7      | Noticed Pikel
  6218 | D:7      | Killed Pikel
  6219 | D:7      | Reached skill level 5 in Stealth
  6219 | D:7      | Reached skill level 5 in Invocations
  6722 | D:7      | Found a runed translucent door.
  6723 | D:7      | Noticed Crazy Yiuf
  6790 | D:7      | Killed Crazy Yiuf
  6983 | D:7      | Found a blossoming altar of Fedhas.
  7099 | D:7      | Reached skill level 5 in Fighting
  7099 | D:7      | Reached skill level 5 in Long Blades
  7099 | D:7      | Reached skill level 5 in Axes
  7099 | D:7      | Reached skill level 5 in Maces & Flails
  7099 | D:7      | Reached skill level 5 in Polearms
  7099 | D:7      | Reached skill level 5 in Staves
  7099 | D:7      | Reached skill level 5 in Ranged Weapons
  7099 | D:7      | Reached skill level 5 in Throwing
  7099 | D:7      | Reached skill level 5 in Armour
  7099 | D:7      | Reached skill level 5 in Dodging
  7099 | D:7      | Reached skill level 5 in Shields
  7099 | D:7      | Reached skill level 5 in Unarmed Combat
  7099 | D:7      | Reached skill level 5 in Evocations
  7099 | D:7      | Reached XP level 10. HP: 56/74 MP: 20/20
  7319 | D:7      | Reached skill level 10 in Short Blades
  7761 | D:8      | Found Wuqagux's Weapon Emporium.
  7969 | D:8      | Identified the amulet "Tuninwa" {rElec rF- rN+++ Regen+
                  | Dex-2}
  7998 | D:8      | HP: 1/74 [something/puff of flame (5)]
  8449 | D:8      | Found a burning altar of Makhleb.
  9212 | D:9      | Noticed a kobold demonologist
  9213 | D:9      | Noticed a kobold demonologist
  9213 | D:9      | Noticed a kobold demonologist
  9217 | D:9      | Noticed a rust devil
  9447 | D:9      | Found a radiant altar of Vehumet.
  9456 | D:9      | Killed a kobold demonologist
  9465 | D:9      | Killed a kobold demonologist
  9466 | D:9      | Killed a kobold demonologist
  9625 | D:9      | Found a shadowy altar of Dithmenos.
  9708 | D:9      | Found a basalt altar of Yredelemnul.
  9760 | D:9      | Reached skill level 5 in Conjurations
  9760 | D:9      | Reached skill level 5 in Hexes
  9760 | D:9      | Reached skill level 5 in Summonings
  9760 | D:9      | Reached skill level 5 in Necromancy
  9760 | D:9      | Reached skill level 5 in Translocations
  9760 | D:9      | Reached skill level 5 in Transmutations
  9760 | D:9      | Reached skill level 5 in Fire Magic
  9760 | D:9      | Reached skill level 5 in Ice Magic
  9760 | D:9      | Reached skill level 5 in Air Magic
  9760 | D:9      | Reached skill level 5 in Poison Magic
 10082 | D:10     | Entered Level 10 of the Dungeon
 10106 | D:10     | Reached XP level 11. HP: 81/81 MP: 22/22
 10180 | D:10     | Found a glowing golden altar of the Shining One.
 10267 | D:10     | Reached ****** piety under Uskayaw
 10399 | D:10     | Learned a level 3 spell: Mephitic Cloud
 10403 | D:10     | Learned a level 3 spell: Dazzling Flash
 10408 | D:10     | Learned a level 4 spell: Petrify
 10553 | D:10     | Noticed a two-headed ogre
 10567 | D:10     | HP: 2/81 [two-headed ogre/+0 giant club (8)]
 10852 | D:10     | Found Coethrasy's Antique Weapon Boutique.
 10936 | D:10     | HP: 2/82 [yak (4)]
 10936 | D:10     | Mangled by a yak

Illustrated notes

Levels and vault maps discovered:
D:1:      spicycebolla_green_bress_n_ham_2, layout_loops_corners,
          ebering_ecumenical_altar_petrified, serial_forest,
          infiniplex_forest_straight_4, infiniplex_forest_clump_medium,
          infiniplex_forest_clump_medium, infiniplex_forest_zigzag_1,
          infiniplex_forest_corner_2, infiniplex_forest_straight_5,
          infiniplex_forest_pool, infiniplex_forest_clump_long
D:2:      layout_rooms, uniq_sigmund
D:3:      layout_basic, nicolae_uskayaw_suspiria, hangedman_abyss_or_decor_stabs
D:4:      layout_loops_ring, okawaru_trees_2, nicolae_overflow_crystal_walls,
          minmay_temple_entry_statues_fountains,
          nicolae_ossuary_entry_catacombs, cheibrodos_sewer_entry_drain,
          minmay_misc_feat_nine_boxes
D:5:      layout_basic, xom_butterflies, minmay_misc_feat_four_crosses
D:6:      layout_basic, chei_slow_surprise
D:7:      layout_cave_pools, mainiacjoe_overflow_alcove_4, nrook_mini_backslash,
          kennysheep_cluttered_room, chequers_big_river, hangedman_decor_push,
          grunt_decor_one_mirror, kennysheep_generic_room_2, uniq_pikel,
          uniq_crazy_yiuf_cottage
D:8:      layout_rooms, mainiacjoe_overflow_concentric_impassable, serial_shops,
          nicolae_shop_bloodbath_and_beyond, serial_ice, serial_ice_i,
          serial_ice_b, serial_ice_n, serial_ice_g
D:9:      layout_rooms, vehumet_altar_wand_db, nicolae_dithmenos_shadow_blocks,
          kennysheep_mini, minivault_4
D:10:     layout_rooms, tso_metal_star, nicolae_overflow_hidden_temple,
          serial_shops, nicolae_shop_overgrown_old_shop,
          chequers_serial_rivers_small_b, grunt_ministairs_15, hex_intersection

Skill      XL: |  1  2  3  4  5  6  7  8  9 10 11 |
---------------+----------------------------------+-----
Spellcasting   | 5 6 7 8 |  8.2
Invocations    | 1 2 3 4 5 6 7 |  7.0
Fighting       | 1 2 3 5 6 |  6.3
Long Blades    | 1 2 3 5 6 |  6.3
Axes           | 1 2 3 5 6 |  6.3
Maces & Flails | 1 2 3 5 6 |  6.3
Polearms       | 1 2 3 5 6 |  6.3
Staves         | 1 2 3 5 6 |  6.3
Ranged Weapons | 1 2 3 5 6 |  6.3
Throwing       | 1 2 3 5 6 |  6.3
Armour         | 1 2 3 5 6 |  6.3
Dodging        | 1 2 3 5 6 |  6.3
Shields        | 1 2 3 5 6 |  6.3
Unarmed Combat | 1 2 3 5 6 |  6.3
Evocations     | 1 2 3 5 6 |  6.3
Conjurations   | 1 2 3 4 5 |  5.2
Hexes          | 1 2 3 4 5 |  5.2
Summonings     | 1 2 3 4 5 |  5.2
Necromancy     | 1 2 3 4 5 |  5.2
Translocations | 1 2 3 4 5 |  5.2
Transmutations | 1 2 3 4 5 |  5.2
Fire Magic     | 1 2 3 4 5 |  5.2
Ice Magic      | 1 2 3 4 5 |  5.2
Air Magic      | 1 2 3 4 5 |  5.2
Poison Magic   | 1 2 3 4 5 |  5.2
Stealth        | 3 4 5 6 |  6.8
Short Blades   | 9 10 | 10.6
Earth Magic    | 6 7 |  7.7

Action                   |  1- 3 |  4- 6 |  7- 9 | 10-12 || total
-------------------------+-------+-------+-------+-------++-------
Melee: Short sword       |    33 |   144 |   248 |   302 ||   727
       Bite              |     3 |    11 |    30 |    40 ||    84
       Punch             |       |     4 |    10 |    17 ||    31
       Rapier            |       |       |       |    30 ||    30
 Fire: Sling             |    10 |    22 |    32 |    39 ||   103
 Cast: Sandblast         |    49 |    27 |    52 |    36 ||   164
       Mephitic Cloud    |       |       |       |     3 ||     3
Evoke: Piece from Xom's  |       |       |     1 |       ||     1
  Use: Scroll            |     4 |    12 |     6 |     6 ||    28
       Potion            |       |     1 |     2 |     1 ||     4
 Stab: Sleeping          |     1 |     3 |     7 |     2 ||    13
       Paralysed         |       |    10 |     9 |    23 ||    42
       Confused          |       |       |     1 |     4 ||     5
       Distracted        |       |       |       |     1 ||     1
Armor: Ring mail         |    18 |    68 |    79 |   102 ||   267
       Steam dragon scal |       |       |       |    16 ||    16
Dodge: Dodged            |    23 |    70 |    67 |   149 ||   309

Table legend: (Time is in decaauts)
 A = Elapsed time spent in this place.
 B = Non-inter-level travel time spent in this place.
 C = Inter-level travel time spent in this place.
 D = Time resting spent in this place.
 E = Time spent auto-exploring this place.
 F = Levels seen in this place.
 G = Mean time per level.
                   A        B        C        D        E       F      G
               +--------+--------+--------+--------+--------+-----+--------+
         Total |  10763 |  10541 |    222 |   2699 |   5300 |  12 |  896.9 |
       Dungeon |   9889 |   9667 |    222 |   2331 |   5269 |  10 |  988.9 |
         Sewer |    339 |    339 |      0 |     71 |     31 |   1 |  339.0 |
       Ossuary |    535 |    535 |      0 |    297 |      0 |   1 |  535.0 |
               +--------+--------+--------+--------+--------+-----+--------+

Top non-repeatable levels by time:
     D:7: 1923 daAuts
     D:8: 1344 daAuts
     D:1: 1185 daAuts
     D:5: 1032 daAuts
     D:9: 966 daAuts
     D:4: 819 daAuts
     D:3: 742 daAuts
     D:6: 654 daAuts
    D:10: 612 daAuts
     D:2: 609 daAuts
 Ossuary: 535 daAuts
   Sewer: 339 daAuts
